 Dungeon Sprint DCSS version 0.31-a0-18-gea43df2a32 (webtiles) character file.

Game seed: 13528851437263732524

128 sircluck the Covert (level 5, -2/33 HPs)
             Began as a Kobold Brigand on May 9, 2023.
             Slain by a neqoxec (11 damage)
             ... in the Dungeon (Sprint II: "The Violet Keep of Menkaure").
             The game lasted 00:00:22 (25 turns).

sircluck the Covert (Kobold Brigand)                  Turns: 25, Time: 00:00:22

Health: -2/33      AC:  3    Str:  8    XL:     5   Next: 33%
Magic:  4/4        EV: 15    Int: 10    God:
Gold:   0          SH:  0    Dex: 19    Spells: 4/4 levels left

rFire   . . .        a - +2 dagger
rCold   . . .        (no shield)
rNeg    . . .        b - +0 robe
rPois   .            (no helmet)
rElec   .            c - +0 cloak
rCorr   .            (no gloves)
SInv    .            (no boots)
Will    .....        (no amulet)
Stlth   ++++++       (no ring)
HPRegen 0.25/turn    (no ring)
MPRegen 0.09/turn

%: no teleportation
@: on berserk cooldown, slowed, very slow
A: small, no large weapons, nightstalker 3, dopey 1, low MP 2, screaming 1
a: no special abilities


You were in the Dungeon.
You visited 1 branch

Inventory:

Hand Weapons
 a - a +2 dagger (weapon)
Missiles
 d - 9 poisoned darts (quivered)
 e - 3 curare-tipped darts
Armour
 b - a +0 robe (worn)
 c - a +0 cloak (worn)
Scrolls
 k - a scroll of blinking
Potions
 f - a potion of curing
 g - a potion of heal wounds
 h - a potion of haste
 i - 2 potions of magic


   Skills:
 + Level 4.0 Fighting
 + Level 5.8 Short Blades
 + Level 3.6 Throwing
 + Level 1.9 Dodging
 + Level 12.0 Stealth


You had 4 spell levels left.
You didn't know any spells.
Your spell library was empty.

Dungeon Overview and Level Annotations

Branches:
Dungeon (1/1)

Altars:


Innate Abilities, Weirdness & Mutations

You are small and have problems with some larger weapons.
You are completely attuned to the shadows.
You are dopey. (Int -2)
Your magical capacity is very low. (-20% MP)
You occasionally shout uncontrollably at your foes.


Message History

You barely miss the neqoxec.
The neqoxec is almost dead.
The neqoxec hits you.
You puncture the neqoxec!
You kill the neqoxec!
You feel your intelligence returning.
Your Fighting skill gained 2 levels and is now at level 4!
Your Short Blades skill gained 3 levels and is now at level 5!
Your Throwing skill increases to level 3!
Your Stealth skill gained 7 levels and is now at level 12!
You have reached level 2!
You have reached level 3!
Your experience leads to an increase in your attributes!
Your base attributes are Str 8, Int 12, Dex 16.
Increase (S)trength, (I)ntelligence, or (D)exterity?
You feel agile. x2
You have reached level 4!
You have reached level 5!
You feel agile.
Unknown command.
You puncture the neqoxec!
The neqoxec is moderately wounded.
You miss the neqoxec.
The neqoxec is moderately wounded.
The neqoxec barely misses you.
You hit the neqoxec.
The neqoxec is moderately wounded.
You hit the neqoxec.
The neqoxec is heavily wounded.
You are no longer berserk.
You are exhausted.
You feel yourself slow down. The neqoxec closely misses you.
You hit the neqoxec.
The neqoxec is heavily wounded.
The neqoxec hits you!
* * * LOW HITPOINT WARNING * * *
You hit the neqoxec.
The neqoxec is heavily wounded.
The neqoxec hits you!
You die...

# #+# .#
##.##..#
+.<@33#
##.##3#
#+# .#
$#. # l#
#l ## ##


You could see 3 neqoxecs.

Vanquished Creatures
  A neqoxec (D)
1 creature vanquished.

Vanquished Creatures (others)
  A water moccasin (D)
1 creature vanquished.

Grand Total: 2 creatures vanquished

Notes
Turn   | Place    | Note
-------+----------+-------------------------------------------
     0 | D        | sircluck the Kobold Brigand began the quest for the Orb.
     0 | D        | Reached XP level 1. HP: 12/12 MP: 1/1
     1 | D        | Noticed a wyvern
     1 | D        | Noticed a wyvern
     5 | D        | Noticed a neqoxec
     5 | D        | Noticed a neqoxec
     5 | D        | Noticed a neqoxec
     5 | D        | Noticed a neqoxec
     7 | D        | Gained mutation: You occasionally shout uncontrollably at
                  | your foes. [a neqoxec]
     9 | D        | Gained mutation: Your magical capacity is low. (-10% MP) [a
                  | neqoxec]
    14 | D        | Gained mutation: Your magical capacity is very low. (-20%
                  | MP) [a neqoxec]
    16 | D        | Gained mutation: You are dopey. (Int -2) [a neqoxec]
    18 | D        | Killed a neqoxec
    19 | D        | Reached skill level 5 in Short Blades
    19 | D        | Reached skill level 12 in Stealth
    19 | D        | Reached XP level 2. HP: 17/20 MP: 1/1
    19 | D        | Reached XP level 3. HP: 21/24 MP: 2/2
    19 | D        | Reached XP level 4. HP: 25/29 MP: 3/3
    19 | D        | Reached XP level 5. HP: 28/33 MP: 4/4
    20 | D        | Killed a water moccasin
    25 | D        | Slain by a neqoxec

Illustrated notes

Levels and vault maps discovered:
D:        the_violet_keep_of_menkaure [sprint2_stairs_cluster_1,
          sprint2_shoproom, sprint2_temple, sprint2_basic_supplies,
          sprint2_obstacle_3, sprint2_obstacle_1, sprint2_obstacle_6,
          sprint2_obstacle_7, sprint2_obstacle_5, sprint2_timed_cluster_1,
          sprint2_smallroom_cluster_1, sprint2_smallroom_final_cluster_1,
          sprint2_transparent_cluster_1, sprint2_second_timed_cluster_1,
          sprint2_sniper_area_1, sprint2_heavy_combat_area_1,
          sprint2_mutation_trap_area_1, sprint2_forest_area_1,
          sprint2_light_combat_area_1, sprint2_behind_water_1,
          sprint2_near_end_vault_1]

Skill      XL: |  1 |
---------------+----+-----
Fighting       | 4 |  4.0
Short Blades   | 5 |  5.8
Throwing       | 3 |  3.6
Stealth        | 12 | 12.0
Dodging        | |  1.9

Action                     |  1- 3 |  4- 6 || total
---------------------------+-------+-------++-------
  Melee: Dagger            |    11 |     6 ||    17
    Use: Potion            |     1 |       ||     1
  Dodge: Dodged            |       |     2 ||     2

Table legend: (Time is in decaauts)
 A = Elapsed time spent in this place.
 B = Non-inter-level travel time spent in this place.
 C = Inter-level travel time spent in this place.
 D = Time resting spent in this place.
 E = Time spent auto-exploring this place.
 F = Levels seen in this place.
 G = Mean time per level.
                   A        B        C        D        E       F      G
               +--------+--------+--------+--------+--------+-----+--------+
         Total |     18 |     18 |      0 |      0 |      0 |   1 |   18.0 |
       Dungeon |     18 |     18 |      0 |      0 |      0 |   1 |   18.0 |
               +--------+--------+--------+--------+--------+-----+--------+

Top non-repeatable levels by time:
       D: 18 daAuts
